 Dungeon Sprint DCSS version 0.27.1 (webtiles) character file.

Game seed: 5387187626847305194

7805 styxcanada the Imperceptible (level 11, -21/87 HPs)
             Began as a Spriggan Brigand on Aug 29, 2021.
             Was an Initiate of Gozag.
             Demolished by a spriggan defender (27 damage)
             ... in the Dungeon (Sprint IV: "Fedhas' Mad Dash").
             The game lasted 00:12:30 (1204 turns).

styxcanada the Imperceptible (Spriggan Brigand)     Turns: 1204, Time: 00:12:31

Health: -21/87     AC:  3    Str:  7    XL:     11   Next: 1%
Magic:  22/22      EV: 26    Int: 13    God:    Gozag
Gold:   2059       SH:  0    Dex: 20    Spells: 16/24 levels left

rFire    . . .     SeeInvis +   t - +4 short sword (flame)
rCold    . . .     Faith    .   (shield restricted)
rNeg     . . .     Spirit   .   b - +0 robe
rPois    .         Reflect  .   (helmet restricted)
rElec    .         Harm     .   c - +0 cloak
rCorr    .         Rampage  .   (gloves unavailable)
Will     +....     NoTele   +   (boots unavailable)
Stlth    ..........             m - amulet of invisibility {+Inv}
HPRegen  0.24/turn              (no ring)
MPRegen  0.18/turn              (no ring)

@: berserking, very slightly contaminated, very quick
A: very small, no large weapons, unfitting armour, see invisible, speed 3
a: Renounce Religion, Evoke Invisibility, Potion Petition, Call Merchant, Bribe
Branch


You were in the Dungeon.
You worshipped Gozag.
Gozag was most pleased with you.
You visited 1 branch You collected 2521 gold pieces.
You spent 462 gold pieces at shops.

Inventory:

Hand Weapons
 a - a +2 vorpal dagger
 n - a +1 dagger of draining
 t - a +4 short sword of flaming (weapon)
Missiles
 d - 8 poisoned darts
 e - 2 curare-tipped darts
 q - an atropa-tipped dart (quivered)
 r - 13 stones
Armour
 b - a +0 robe (worn)
 c - a +0 cloak (worn)
Jewellery
 m - the amulet of invisibility (around neck) {+Inv}
   (You found it in the Dungeon)

   [amulet of nothing]

   +Inv:      It lets you turn invisible.
 u - an amulet of reflection
Wands
 l - a wand of mindburst (19)
Scrolls
 o - 2 scrolls of amnesia
Potions
 f - a potion of curing
 h - a potion of haste
 i - 2 potions of magic
 s - a potion of might


   Skills:
 * Level 7.1 Fighting
 + Level 6.5 Short Blades
 + Level 4.5 Throwing
 * Level 11.4 Dodging
 * Level 25.1 Stealth
 * Level 7.0 Spellcasting
 * Level 1.5 Conjurations
 * Level 7.0 Hexes
 * Level 1.9 Air Magic
 * Level 2.1 Poison Magic
 * Level 13.0 Evocations


You had 16 spell levels left.
You knew the following spells:

 Your Spells              Type           Power      Damage    Failure   Level
a - Slow                  Hex            22%        N/A       1%          2
b - Confusing Touch       Hex            22%        N/A       2%          3
c - Mephitic Cloud        Conj/Pois/Air  9%         N/A       22%         3

Your spell library contained the following spells:

 Spells                   Type           Power      Damage    Failure   Level
 Ignite Poison            Fire/Tmut/Pois 6%         N/A       34%         3
 Yara's Violent Unravell  Hex/Tmut       6%         3d5       69%         5
 Bolt of Magma            Conj/Fire/Erth 2%         4d4       98%         5


Dungeon Overview and Level Annotations

Branches:
Dungeon (1/1)

Altars:
Cheibriados
Dithmenos
Elyvilon
Gozag
Hepliaklqana
Kikubaaqudgha
Makhleb
Nemelex Xobeh
Okawaru
Qazlal
Ru
Sif Muna
Trog
Uskayaw
Vehumet
Wu Jian
Xom
Yredelemnul
Zin
The Shining One
Beogh
Jiyva
Lugonu

Shops:
D ((!::!((


Innate Abilities, Weirdness & Mutations

You are very small and have problems with some larger weapons.
You are too small for most types of armour.
You have supernaturally acute eyesight. (SInv)
You cover ground extremely quickly. (Speed+++)


Message History

Press: ? - help, Q - select action, (/) - cycle Shift-Dir - straight line, f - spriggan defender
Aim: a spriggan defender, wielding a +2 vorpal flail, wearing a +0 robe and wearing a +0 buckler of protection (lightly wounded, 32% to hit, chance to blind on hit: 45%)
You throw an atropa-tipped dart.
The atropa-tipped dart hits the spriggan defender.
The spriggan defender resists.
The spriggan defender is lightly wounded.
There is an open door here.
Throw: 3 darts (atropa)
Press: ? - help, Q - select action, (/) - cycle Shift-Dir - straight line, f - you
Okay, then.
There is an open door here.
Throw: 3 darts (atropa)
Press: ? - help, Q - select action, (/) - cycle Shift-Dir - straight line, f/p - spriggan defender
Aim: a spriggan defender, wielding a +2 vorpal flail, wearing a +0 robe and wearing a +0 buckler of protection (32% to hit, chance to blind on hit: 43%)
You throw an atropa-tipped dart.
The atropa-tipped dart closely misses the spriggan defender.
Throw: 2 darts (atropa)
Press: ? - help, Q - select action, (/) - cycle Shift-Dir - straight line, f/p - spriggan defender
Aim: a spriggan defender, wielding a +2 vorpal flail, wearing a +0 robe and wearing a +0 buckler of protection (32% to hit, chance to blind on hit: 43%)
You throw an atropa-tipped dart.
The atropa-tipped dart closely misses the spriggan defender.
There is an open door here.
You feel much better.
Things that are here:
a +0 quarterstaff; a +0 robe The spriggan defender hits you with a +2 vorpal flail!
* * * LOW HITPOINT WARNING * * *
x2 You feel much better.
The spriggan defender hits you with a +2 vorpal flail!
A red film seems to cover your vision as you go berserk!
You feel yourself moving faster!
You feel mighty! The spriggan defender misses you. x2
The spriggan defender blocks your attack.
The spriggan defender blocks your attack.
The spriggan defender hits you with a +2 vorpal flail!!
* * * LOW HITPOINT WARNING * * *
x2 The spriggan defender blocks your attack.
The spriggan defender hits you with a +2 vorpal flail!!
You die...
Your body crumbles into a pile of gold.

#################################
#....†#.....#.⌠._._._._.⌠.#..'.[)
'.....'.#.).'.._._._._._..'..#...
#.....#.#...#..._._._._...#..###'
##########'##.._._._._._..#..##∩∩
........'...#._._._._._.⌠.#######
..♣.....#...###################..
.♣..♣..######♣♣♣♣♣..♣.###.'..'...
##'######.|'....@i♣..♣##..#..#...
...'.......#♣..♣♣♣.♣).###.##i##.P
.###.......#.♣♣.[♣...♣'...#♣.♣###
## ########## ############..(..#
###..♣..♣.. ####.$.♣......
.........♣.)... ..#############


You could see a spriggan defender.

Vanquished Creatures
  Agnes (D)
  A spriggan berserker (D)
  A spriggan druid (D)
  6 oklob plants (D)
  A demonic crawler (D)
  A queen bee (D)
  3 burning bushes (D)
  3 wandering mushrooms (D)
  A hornet (D)
  3 scorpions (D)
  4 killer bees (D)
  5 oklob saplings (D)
  5 spriggans (D)
  A river rat (D)
  A rat (D)
  A ballistomycete spore (D)
38 creatures vanquished.

Vanquished Creatures (others)
  2 fungi (D)
2 creatures vanquished.

Grand Total: 40 creatures vanquished

Notes
Turn   | Place    | Note
-------+----------+-------------------------------------------
     0 | D        | styxcanada the Spriggan Brigand began the quest for the
                  | Orb.
     0 | D        | Reached XP level 1. HP: 10/10 MP: 2/2
    15 | D        | Reached skill level 7 in Stealth
    15 | D        | Reached XP level 2. HP: 15/15 MP: 3/3
    26 | D        | Reached skill level 8 in Stealth
    49 | D        | Noticed an oklob sapling
    51 | D        | Killed an oklob sapling
    52 | D        | Reached skill level 9 in Stealth
    52 | D        | Reached XP level 3. HP: 18/18 MP: 4/4
    53 | D        | Noticed a scorpion
    53 | D        | Found the amulet of invisibility {+Inv}
    55 | D        | Killed a scorpion
    56 | D        | Reached skill level 12 in Stealth
    56 | D        | Reached XP level 4. HP: 23/23 MP: 5/5
    86 | D        | Found an opulent altar of Gozag.
    86 | D        | Found a hazy altar of Hepliaklqana.
    86 | D        | Found a burning altar of Makhleb.
    86 | D        | Found a sparkling altar of Nemelex Xobeh.
    86 | D        | Found a snail-covered altar of Cheibriados.
    86 | D        | Found a sacrificial altar of Ru.
    86 | D        | Found a shimmering blue altar of Sif Muna.
    86 | D        | Found a shimmering altar of Xom.
    86 | D        | Found a basalt altar of Yredelemnul.
    87 | D        | Found a viscous altar of Jiyva.
    87 | D        | Found a bloodstained altar of Trog.
    87 | D        | Found an ornate altar of the Wu Jian Council.
    88 | D        | Found an iron altar of Okawaru.
    88 | D        | Found a shadowy altar of Dithmenos.
    88 | D        | Found a glowing silver altar of Zin.
    89 | D        | Found an ancient bone altar of Kikubaaqudgha.
    89 | D        | Found a hide-covered altar of Uskayaw.
    90 | D        | Found a stormy altar of Qazlal.
    90 | D        | Found a white marble altar of Elyvilon.
    90 | D        | Found a glowing golden altar of the Shining One.
    91 | D        | Became a worshipper of Gozag Ym Sagoz the Greedy
    92 | D        | Found a corrupted altar of Lugonu.
    92 | D        | Found a radiant altar of Vehumet.
    96 | D        | Reached skill level 13 in Stealth
    96 | D        | Reached skill level 1 in Evocations
    96 | D        | Reached XP level 5. HP: 28/28 MP: 3/6
   140 | D        | Reached skill level 5 in Dodging
   140 | D        | Reached skill level 14 in Stealth
   141 | D        | Reached skill level 15 in Stealth
   143 | D        | Reached XP level 6. HP: 32/32 MP: 4/7
   171 | D        | Found Decluu's Weapon Shop.
   172 | D        | Found Feogg's Weapon Emporium.
   178 | D        | Bought 4 atropa-tipped darts for 33 gold pieces
   195 | D        | Noticed a burning bush
   195 | D        | Noticed a wandering mushroom
   196 | D        | Noticed a wandering mushroom
   199 | D        | Killed a burning bush
   200 | D        | Reached skill level 17 in Stealth
   200 | D        | Reached skill level 5 in Evocations
   201 | D        | Killed a wandering mushroom
   202 | D        | Reached skill level 18 in Stealth
   202 | D        | Reached XP level 7. HP: 38/38 MP: 5/8
   205 | D        | Killed a wandering mushroom
   206 | D        | Reached skill level 5 in Short Blades
   206 | D        | Reached skill level 19 in Stealth
   212 | D        | Reached XP level 8. HP: 42/42 MP: 6/9
   225 | D        | Found Neezix's Book Shoppe.
   226 | D        | Found Peres's Distillery.
   230 | D        | Bought a book of Misfortune for 312 gold pieces
   233 | D        | Learned a level 2 spell: Slow
   237 | D        | Learned a level 3 spell: Confusing Touch
   239 | D        | Bought a potion of heal wounds for 65 gold pieces
   239 | D        | Bought a potion of might for 52 gold pieces
   292 | D        | Noticed a queen bee
   299 | D        | Killed a queen bee
   300 | D        | Reached skill level 5 in Fighting
   300 | D        | Reached skill level 1 in Spellcasting
   300 | D        | Reached skill level 1 in Hexes
   301 | D        | Reached skill level 20 in Stealth
   387 | D        | Noticed an oklob plant
   390 | D        | Killed an oklob plant
   465 | D        | Noticed a burning bush
   468 | D        | Killed a burning bush
   469 | D        | Reached skill level 21 in Stealth
   469 | D        | Reached XP level 9. HP: 47/47 MP: 11/15
   532 | D        | Noticed a burning bush
   532 | D        | Noticed an oklob plant
   533 | D        | Noticed a wandering mushroom
   534 | D        | Killed a burning bush
   539 | D        | Killed an oklob plant
   540 | D        | Reached skill level 22 in Stealth
   543 | D        | Killed a wandering mushroom
   612 | D        | Noticed a spriggan druid
   614 | D        | Killed a spriggan druid
   615 | D        | Reached skill level 10 in Dodging
   615 | D        | Reached skill level 10 in Evocations
   666 | D        | Noticed an oklob plant conjurer
   667 | D        | Killed an oklob plant conjurer
   668 | D        | Reached skill level 23 in Stealth
   668 | D        | Reached skill level 5 in Spellcasting
   668 | D        | Reached skill level 5 in Hexes
   727 | D        | Noticed an oklob plant
   727 | D        | Noticed an oklob plant summoner
   728 | D        | Noticed an oklob plant shifter
   732 | D        | Killed an oklob plant
   733 | D        | Reached XP level 10. HP: 53/53 MP: 15/19
   734 | D        | Killed an oklob plant summoner
   749 | D        | Killed an oklob plant shifter
   910 | D        | Noticed a spriggan rider
   911 | D        | Found Buitotem's Antique Weapon Emporium.
   915 | D        | Reached skill level 24 in Stealth
   915 | D        | Found Quthyruwk's Antique Weapon Shoppe.
   919 | D        | Killed a spriggan rider
  1084 | D        | Learned a level 3 spell: Mephitic Cloud
  1157 | D        | Noticed Agnes
  1159 | D        | Found Midu's Distillery.
  1159 | D        | Noticed a spriggan berserker
  1161 | D        | Found Geirilug's Book Shoppe.
  1163 | D        | Killed Agnes
  1164 | D        | Reached skill level 1 in Conjurations
  1164 | D        | Reached skill level 1 in Air Magic
  1164 | D        | Reached skill level 1 in Poison Magic
  1167 | D        | Killed a spriggan berserker
  1168 | D        | Reached skill level 25 in Stealth
  1168 | D        | Reached XP level 11. HP: 58/58 MP: 19/22
  1174 | D        | Noticed a spriggan defender
  1175 | D        | Found the +8 arc blade {discharge, rElec}
  1204 | D        | Demolished by a spriggan defender

Illustrated notes

Levels and vault maps discovered:
D:        dungeon_sprint_fedhas [sprint_temple]

Skill      XL: |  1  2  3  4  5  6  7  8  9 10 |
---------------+-------------------------------+-----
Dodging        | 2 3 4 5 7 8 9 10 11 | 11.4
Stealth        | 7 9 12 13 15 18 19 21 23 25 | 25.1
Fighting       | 2 3 4 5 6 7 |  7.1
Short Blades   | 3 4 5 6 |  6.5
Throwing       | 3 4 |  4.5
Evocations     | 1 3 6 8 10 13 | 13.0
Spellcasting   | 3 5 7 |  7.0
Hexes          | 3 5 7 |  7.0
Conjurations   | 1 |  1.5
Air Magic      | 1 |  1.9
Poison Magic   | 2 |  2.1

Action                   |  1- 3 |  4- 6 |  7- 9 | 10-12 || total
-------------------------+-------+-------+-------+-------++-------
Melee: Dagger            |    11 |     8 |    18 |       ||    37
       Short sword       |       |       |     8 |    20 ||    28
Throw: Dart              |     6 |       |       |     3 ||     9
 Abil: Evoke Invisibilit |       |     3 |     7 |     3 ||    13
  Use: Scroll            |       |       |     3 |     1 ||     4
       Potion            |       |       |       |     3 ||     3
 Stab: Sleeping          |     3 |     6 |    15 |     7 ||    31
       Invisible         |       |     2 |     4 |     1 ||     7
Dodge: Dodged            |     2 |     1 |     8 |     2 ||    13
